 Dungeon Crawl Stone Soup version 0.17-a0-2027-gcac42c4 (webtiles) character file.

94 graki42 the Insei (level 4, -1/38 HPs)
             Began as a Naga Transmuter on Oct 10, 2015.
             Slain by graki42's ghost (4 damage)
             ... on level 3 of the Dungeon.
             The game lasted 00:07:39 (2998 turns).

graki42 the Insei (Naga Transmuter)                 Turns: 2998, Time: 00:07:39

Health: -1/38      AC:  2    Str: 12    XL:     4   Next: 63%
Magic:  6/8        EV: 19    Int: 14    God:
Gold:   60         SH:  0    Dex: 17    Spells: 2 memorised, 4 levels left

rFire  . . .     SeeInvis +       - Unarmed
rCold  . . .     Clarity  .     (armour currently unavailable)
rNeg   . . .     SustAt   .     (shield currently unavailable)
rPois  x         Gourm    .     (helmet currently unavailable)
rElec  .         Spirit   .     (cloak currently unavailable)
rCorr  .         Warding  .     (gloves currently unavailable)
rMut   .         Stasis   .     (no barding)
MR     .....                    (no amulet)
Stlth  ++........               (no ring)
                                (no ring)

@: spider-form (expiring), not resistant to hostile enchantments, unstealthy
A: see invisible, (deformed body), (poison resistance), (slowness 0), slow
metabolism 1, spit poison 2, AC +1
a: Spit Poison, End Transformation


You were on level 3 of the Dungeon.
You were hungry.
You were a venomous arachnid creature.
You visited 1 branch of the dungeon, and saw 3 of its levels.

You collected 60 gold pieces.

Inventory:

Missiles
 a - 31 arrows
Armour
 b - a +0 robe (melded)
Scrolls
 e - a scroll of remove curse
 f - a scroll of magic mapping {unknown}
 h - a scroll of recharging {unknown}
 l - a scroll of noise {unknown}
 m - 2 scrolls of teleportation {unknown}
 n - a scroll of identify {unknown}
 p - a scroll of fog {unknown}
Potions
 g - a potion of heal wounds {unknown}
 o - a potion of brilliance {unknown}
 q - a potion of curing {unknown}
Books
 c - a book of Changes

   Spells                             Type                      Level
   a - Beastly Appendage              Transmutation                1
   b - Sticks to Snakes               Transmutation                2
   c - Spider Form                    Transmutation/Poison         3
   d - Ice Form                       Ice/Transmutation            4
   e - Blade Hands                    Transmutation                5
Comestibles
 d - 3 bread rations
 i - a fruit
 j - 2 meat rations
 k - 2 beef jerkies


   Skills:
 + Level 1.5 Fighting
 + Level 2.0 Dodging
 + Level 0.4 Stealth
 + Level 3.5 Unarmed Combat
 + Level 2.8 Spellcasting
 + Level 2.4 Transmutations
 * Level 1.8 Poison Magic


You had 4 spell levels left.
You knew the following spells:

 Your Spells              Type           Power        Failure   Level  Hunger
a - Beastly Appendage     Trmt           #.....       24%         1    #......
b - Spider Form           Trmt/Pois      #.........   52%         3    ###....


Dungeon Overview and Level Annotations

Branches:
Dungeon (3/15)

Altars:
Ashenzari
Dithmenos
Xom
The Shining One

Annotations:
D:3 graki42's ghost, amateur NaTm


Innate Abilities, Weirdness & Mutations

You cannot wear boots.
((Your serpentine skin is tough (AC +1).))
You have supernaturally acute eyesight.
((Armour fits poorly on your strangely shaped body.))
((Your system is resistant to poisons.))
((You cover ground very slowly.))
You have a slow metabolism.
You can spit poison.


Message History

Graki42's ghost is heavily damaged.
Graki42's ghost closely misses you.
You hit graki42's ghost.
Graki42's ghost is severely damaged.
Graki42's ghost misses you.
You closely miss graki42's ghost.
Graki42's ghost is severely damaged.
Graki42's ghost hits you.
* * * LOW HITPOINT WARNING * * *
You hit graki42's ghost.
Graki42's ghost is severely damaged.
Graki42's ghost completely misses you.
You barely miss graki42's ghost.
Graki42's ghost is severely damaged.
Graki42's ghost hits you.
* * * LOW HITPOINT WARNING * * *
You hit graki42's ghost.
Graki42's ghost is severely damaged.
Graki42's ghost hits you.
You die...

#### ... ..#
##########.#####
................
#.†sW# ##.####
#.....# #..#.#.#
#...##...#######
.(.##
##........## ###
#.######..## #.#
##..### #.#
##...#


You could see graki42's ghost.

Vanquished Creatures
  5 adders
  An ooze (D:2)
  3 giant geckos
  7 bats
  2 giant cockroaches
  9 goblins
  3 hobgoblins
  A ball python (D:1)
  2 giant newts
  5 kobolds
  7 rats
45 creatures vanquished.

Notes
Turn   | Place    | Note
--------------------------------------------------------------
     0 | D:1      | graki42 the Naga Transmuter began the quest for the Orb.
     0 | D:1      | Reached XP level 1. HP: 18/18 MP: 3/3
   421 | D:1      | Reached XP level 2. HP: 15/25 MP: 5/5
  1020 | D:2      | Reached XP level 3. HP: 29/31 MP: 4/6
  1025 | D:2      | Learned a level 3 spell: Spider Form
  1255 | D:2      | Found a shattered altar of Ashenzari.
  1654 | D:2      | Found a glowing golden altar of the Shining One.
  1805 | D:2      | Found a shadowy altar of Dithmenos.
  1805 | D:2      | Found a shimmering altar of Xom.
  1863 | D:2      | Reached skill level 1 in Poison Magic
  1863 | D:2      | Reached XP level 4. HP: 6/38 MP: 8/8
  2981 | D:3      | Noticed graki42's ghost (amateur NaTm)
  2998 | D:3      | Slain by graki42's ghost

Vault maps used:
D:1:      evilmike_arrival_plus
D:2:      ashenzari_conservatory_becter, gammafunk_temple_overflow_elements,
          nicolae_tso_carved_into_rock
D:3:      nicolae_overflow_crystal_walls, lemuel_doored_altar

Action                   |  1- 3 |  4- 6 || total
-------------------------+-------+-------++-------
Melee: Unarmed           |   113 |    70 ||   183
 Cast: Beastly Appendage |    32 |     8 ||    40
       Spider Form       |       |     1 ||     1
  Use: Scroll            |     1 |       ||     1
 Stab: Sleeping          |       |     1 ||     1
  Eat: Chunk             |     2 |     3 ||     5
